 Dungeon Crawl Stone Soup version 0.24.0-41-g2ae2f7f1be (webtiles) character file.

Game seed: 13198259289896608249, levelgen mode: deterministic

8276 holsgrj2 the Basher (level 11, -10/97 HPs)
             Began as a Minotaur Berserker on Dec 14, 2019.
             Was a High Priest of Trog.
             Mangled by a seven-headed hydra (12 damage)
             ... on level 1 of the Lair of Beasts.
             The game lasted 00:34:28 (7714 turns).

holsgrj2 the Basher (Minotaur Berserker)            Turns: 7714, Time: 00:34:31

Health: -10/97     AC:  9    Str: 23    XL:     11   Next: 7%
Magic:  10/10      EV: 16    Int:  4    God:    Trog [*****.]
Gold:   511        SH:  0    Dex: 17    Spells: 10/10 levels left

rFire    + . .     SeeInvis .   P - +1 whip (flame)
rCold    . . .     Gourm    +   (no shield)
rNeg     . . .     Faith    .   t - +3 ring mail {rPois}
rPois    +         Spirit   .   (helmet restricted)
rElec    .         Reflect  .   (no cloak)
rCorr    .         Harm     .   (no gloves)
MR       .....                  (no boots)
Stlth    +.........             B - amulet of the gourmand
HPRegen  0.26/turn              o - +5 ring of dexterity
MPRegen  0.12/turn              S - ring of protection from fire

@: no status effects
A: retaliatory headbutt, horns 2
a: Berserk, Trog's Hand, Brothers in Arms, Renounce Religion


You were on level 1 of the Lair of Beasts.
You worshipped Trog.
Trog was extremely pleased with you.
You were not hungry.

You visited 2 branches of the dungeon, and saw 10 of its levels.

You collected 654 gold pieces.
You spent 143 gold pieces at shops.

Inventory:

Hand Weapons
 a - a +0 mace
 k - a +0 mace
 m - a +5 club
 v - a +1 flail of holy wrath
 C - a +1 morningstar of crushing
 E - a +0 flail of crushing
 L - a +0 mace
 O - a +3 short sword
 P - a +1 whip of flaming (weapon)
 Q - a +0 whip of pain
 U - a cursed -2 flail
Armour
 b - a +0 animal skin
 f - a +0 ring mail
 l - a +0 large shield
 t - a +3 ring mail of poison resistance (worn)
 N - a +1 leather armour of fire resistance
Jewellery
 o - a +5 ring of dexterity (left hand)
 q - an uncursed ring of stealth
 B - an amulet of the gourmand (around neck)
 I - a +4 ring of evasion
 S - a ring of protection from fire (right hand)
 V - an uncursed ring of stealth
Wands
 n - a wand of polymorph (8)
 w - a wand of flame (5)
 y - a wand of disintegration (9)
 H - a wand of iceblast (17)
 K - a wand of enslavement (5)
Scrolls
 d - 7 scrolls of identify
 e - 4 scrolls of amnesia {unknown}
 i - 2 scrolls of magic mapping {unknown}
 j - 2 scrolls of blinking {unknown}
 p - 2 scrolls of random uselessness {unknown}
 s - 8 scrolls of remove curse {unknown}
 u - 2 scrolls of enchant weapon {unknown}
 G - a scroll of enchant armour {unknown}
 J - 2 scrolls of teleportation {unknown}
 M - a scroll of fear {unknown}
 T - a scroll of brand weapon {unknown}
Potions
 g - 7 potions of lignification {unknown}
 h - 5 potions of curing
 r - 2 potions of invisibility {unknown}
 x - a potion of flight {unknown}
 z - a potion of brilliance {unknown}
 A - 2 potions of degeneration {unknown}
 D - a potion of heal wounds {unknown}
 F - 2 potions of might {unknown}
 R - 2 potions of mutation {unknown}
 W - a potion of haste {unknown}
Comestibles
 c - 10 rations


   Skills:
 + Level 9.2 Fighting
 - Level 12.0 Maces & Flails
 + Level 8.7 Armour
 + Level 8.0 Dodging
 - Level 1.5 Stealth
 + Level 8.3 Shields


You had 10 spell levels left.
You didn't know any spells.
Your spell library was empty.

Dungeon Overview and Level Annotations

Branches:
Dungeon (9/15)             Temple (0/1) D:7            Lair (1/6) D:8
    Orc: D:9-12

Altars:
Hepliaklqana
Makhleb
Qazlal
Vehumet
Wu Jian
Xom
Zin
Beogh

Shops:
D:6 *:((


Innate Abilities, Weirdness & Mutations

You reflexively headbutt those who attack you in melee.
You have a pair of horns on your head.


Message History

The seven-headed hydra barely misses you.
The seven-headed hydra closely misses you.
The seven-headed hydra bites you. The seven-headed hydra bites you!
You feel better. The seven-headed hydra bites you.
The seven-headed hydra misses you.
The seven-headed hydra bites you but does no damage.
The seven-headed hydra bites you. The seven-headed hydra bites you! x2
* * * LOW HITPOINT WARNING * * *
The seven-headed hydra bites you!
* * * LOW HITPOINT WARNING * * *
Okay, then.
Okay, then.
The seven-headed hydra bites you.
* * * LOW HITPOINT WARNING * * *
The seven-headed hydra bites you.
* * * LOW HITPOINT WARNING * * *
The seven-headed hydra bites you.
* * * LOW HITPOINT WARNING * * *
The seven-headed hydra bites you!
You die...

###############
.........##...##
P#######.#.###.###
########..###.#..# ##
..........# ###.#######.##
#.
.#..##....####.........###
#. #.#
#...@.#.#............
.##.. #.#
###D#....####.##.....
.^..##.#####S######
#####.... #......#.#D.##
#..... #.....DS.....#
###.####.#.##
##.P...#######
#...........# #...#.##
##.#####.#[.# .... #.#
##...# ##.....# #....#


You could see an eight-headed hydra, a seven-headed hydra and a water moccasin.

Vanquished Creatures
  The ghost of Nilihum the Destroyer, a journeyman TeAE of Vehumet (D:9)
  A two-headed ogre (D:9)
  Pikel (D:9)
  A spectral centaur (D:9)
  A spiny frog (Lair:1)
  5 yaks (D:9)
  Eustachio (D:6)
  A hungry ghost (D:9)
  Menkaure (D:5)
  Edmund (D:4)
  A water moccasin (D:8)
  2 orc warriors
  A phantom (D:9)
  A black bear (D:7)
  3 sky beasts
  2 necrophages
  3 ice beasts
  A slave (D:9)
  6 ogres
  2 centaurs
  A crocodile (Lair:1)
  A big kobold (D:9)
  3 bullfrogs
  3 wights (D:9)
  4 howler monkeys
  A bullfrog zombie (D:6)
  A hound (D:9)
  A quasit (D:9)
  A bullfrog skeleton (D:4)
  3 centaur zombies
  5 crimson imps
  2 centaur skeletons
  3 jellies
  5 orc priests
  7 orc wizards
  Jessica (D:2)
  Ijyb (D:4)
  Natasha (twice) (D:2)
  4 iguanas
  5 worker ants
  A killer bee zombie (D:6)
  A hound skeleton (D:6)
  4 adders
  7 gnolls
  3 shadow imps (D:7)
  An ooze (D:5)
  3 adder skeletons
  A worm (D:3)
  3 dart slugs
  2 leopard geckos
  43 orcs
  3 ball pythons
  5 bats (D:1)
  2 giant cockroaches
  8 goblins
  5 hobgoblins
  5 jackals
  2 quokkas
  3 frilled lizards (D:1)
  14 kobolds
  7 rats
213 creatures vanquished.

Vanquished Creatures (collateral kills)
  A centaur zombie (D:9)
  2 spectral centaurs (D:9)
3 creatures vanquished.

Vanquished Creatures (others)
  7 fungi
  2 plants (Lair:1)
9 creatures vanquished.

Grand Total: 225 creatures vanquished

Notes
Turn   | Place    | Note
-------+----------+-------------------------------------------
     0 | D:1      | holsgrj2 the Minotaur Berserker began the quest for the
                  | Orb.
     0 | D:1      | Reached XP level 1. HP: 19/19 MP: 0/0
   156 | D:1      | Reached skill level 4 in Maces & Flails
   241 | D:1      | Reached XP level 2. HP: 26/26 MP: 1/1
   549 | D:1      | Reached skill level 5 in Maces & Flails
   601 | D:1      | Reached ** piety under Trog
   723 | D:1      | Reached XP level 3. HP: 31/31 MP: 2/2
   890 | D:2      | Noticed Jessica
   930 | D:2      | Killed Jessica
   966 | D:2      | Noticed Natasha
   974 | D:2      | Killed Natasha
   974 | D:2      | Reached skill level 6 in Maces & Flails
   974 | D:2      | Reached XP level 4. HP: 34/39 MP: 3/3
  1125 | D:2      | Noticed Natasha
  1131 | D:2      | Killed Natasha
  1361 | D:2      | Reached skill level 7 in Maces & Flails
  1361 | D:2      | Reached XP level 5. HP: 45/45 MP: 4/4
  1638 | D:3      | You fall into a shaft and drop 1 floor!
  1765 | D:4      | Reached skill level 8 in Maces & Flails
  1988 | D:4      | Reached XP level 6. HP: 51/51 MP: 5/5
  2053 | D:4      | Noticed Ijyb
  2064 | D:4      | Killed Ijyb
  2078 | D:4      | Found a radiant altar of Vehumet.
  2394 | D:4      | Found a hazy altar of Hepliaklqana.
  2503 | D:4      | Noticed Edmund
  2515 | D:4      | Killed Edmund
  2515 | D:4      | Reached skill level 9 in Maces & Flails
  2515 | D:4      | Reached skill level 1 in Stealth
  2811 | D:5      | Entered Level 5 of the Dungeon
  2847 | D:5      | Reached XP level 7. HP: 54/57 MP: 6/6
  2996 | D:5      | Noticed Menkaure
  3002 | D:5      | Killed Menkaure
  3002 | D:5      | Reached *** piety under Trog
  3002 | D:5      | Reached skill level 10 in Maces & Flails
  3122 | D:5      | Reached skill level 11 in Maces & Flails
  3388 | D:5      | Found a glowing silver altar of Zin.
  3569 | D:5      | Reached XP level 8. HP: 64/64 MP: 7/7
  3853 | D:6      | Noticed Eustachio
  3860 | D:6      | Killed Eustachio
  3867 | D:6      | Reached skill level 12 in Maces & Flails
  3882 | D:6      | Found Maikh's Weapon Boutique.
  3902 | D:6      | Bought a +1 morningstar of crushing for 143 gold pieces
  3935 | D:6      | Found Roilyq's Antique Weapon Emporium.
  3952 | D:6      | Reached skill level 1 in Shields
  4022 | D:6      | Found Bacinges's Book Emporium.
  4096 | D:6      | Found Mosienou's General Store.
  4466 | D:7      | Reached skill level 5 in Fighting
  4488 | D:6      | Reached **** piety under Trog
  4488 | D:6      | Reached XP level 9. HP: 59/74 MP: 8/8
  4838 | D:7      | Reached skill level 5 in Armour
  4860 | D:7      | Found an ornate altar of the Wu Jian Council.
  4898 | D:7      | Found a staircase to the Ecumenical Temple.
  5091 | D:7      | Reached skill level 5 in Dodging
  5252 | D:8      | Reached skill level 5 in Shields
  5265 | D:8      | Reached ***** piety under Trog
  5269 | D:8      | Found a roughly hewn altar of Beogh.
  5501 | D:8      | Found a shimmering altar of Xom.
  5502 | D:8      | Found a burning altar of Makhleb.
  5525 | D:8      | Found a stormy altar of Qazlal.
  5538 | D:8      | Found a staircase to the Lair.
  6079 | D:9      | Reached XP level 10. HP: 68/86 MP: 9/9
  6344 | D:9      | Noticed Pikel
  6355 | D:9      | Killed Pikel
  6653 | D:9      | Found a runed translucent gate.
  6654 | D:9      | Found a runed translucent gate.
  6655 | D:9      | Found a runed translucent gate.
  6657 | D:9      | Noticed a spectral centaur warrior
  6657 | D:9      | Noticed Nilihum's ghost (journeyman TeAE)
  6657 | D:9      | Noticed a spectral centaur warrior
  6658 | D:9      | Noticed a spectral centaur warrior
  6733 | D:9      | Noticed a two-headed ogre
  6749 | D:9      | Killed a two-headed ogre
  7245 | D:9      | Killed a spectral centaur warrior
  7251 | D:9      | Killed a spectral centaur warrior
  7255 | D:9      | Killed a spectral centaur warrior
  7259 | D:9      | Killed Nilihum's ghost
  7265 | D:9      | Reached XP level 11. HP: 54/97 MP: 10/10
  7342 | Lair:1   | Entered Level 1 of the Lair of Beasts
  7696 | Lair:1   | Noticed a seven-headed hydra
  7697 | Lair:1   | Noticed an eight-headed hydra
  7714 | Lair:1   | HP: 4/97 [seven-headed hydra (6)]
  7714 | Lair:1   | Mangled by a seven-headed hydra

Levels and vault maps discovered:
D:1:      dpeg_arrival_ternary, layout_basic
D:2:      layout_rooms, uniq_jessica, uniq_natasha
D:3:      layout_loops_ring, kennysheep_vampire_church,
          lemuel_coloured_pillars_altar
D:4:      layout_loops_corners, lemuel_doored_altar, vehumet_crystals,
          serial_aquarium, aquarium_bridge_island_small
          [aquarium_subvault_small_water, aquarium_subvault_wall,
          aquarium_subvault_bridge, aquarium_subvault_bridge,
          aquarium_subvault_wall], aquarium_window_fake,
          aquarium_window_corridor_2, aquarium_window_1, aquarium_view_2a,
          aquarium_balcony_3a, uniq_ijyb, uniq_edmund
D:5:      layout_gridville, basic_altar, first_ration, minmay_misc_feat_alley,
          kennysheep_generic_room_9, uniq_menkaure
D:6:      layout_basic, serial_shops, shop, nicolae_shop_crystal, shop, shop,
          chequers_serial_rivers_room_b, uniq_eustachio
D:7:      layout_rooms, lemuel_crystal_altar,
          minmay_temple_entry_statues_fountains
D:8:      wad_cavern_with_rooms, layout_loops_ring,
          grunt_temple_overflow_champion_of_chaos, grunt_qazlal_clouds,
          lair_entry_dummy, special_room [special_room_orc],
          minmay_misc_feat_ornament
D:9:      layout_long_grid, gammafunk_ghost_necromancy, uniq_pikel
Lair:1:   layout_loops_ring, serial_bayou_ford_a, uniq_nergalle

Skill      XL: |  1  2  3  4  5  6  7  8  9 10 11 |
---------------+----------------------------------+-----
Maces & Flails | 4 5 6 7 8 9 11 12 | 12.0
Stealth        | 1 |  1.5
Shields        | 3 6 8 |  8.3
Fighting       | 5 7 9 |  9.2
Armour         | 4 6 8 |  8.7
Dodging        | 3 6 7 8 |  8.0

Action                   |  1- 3 |  4- 6 |  7- 9 | 10-12 || total
-------------------------+-------+-------+-------+-------++-------
Melee: Mace              |    61 |    98 |       |       ||   159
       Headbutt          |     7 |    21 |    59 |    36 ||   123
       Flail             |       |     6 |    65 |       ||    71
       Morningstar       |       |       |   176 |    40 ||   216
       Whip              |       |       |       |    85 ||    85
Invok: Trog's Hand       |     1 |     1 |     2 |       ||     4
       Berserk           |       |       |     1 |     1 ||     2
       Brothers in Arms  |       |       |       |     1 ||     1
  Use: Scroll            |       |     3 |       |     4 ||     7
       Potion            |       |       |       |     1 ||     1
 Stab: Sleeping          |       |     2 |     7 |     2 ||    11
       Distracted        |       |       |     1 |       ||     1
  Eat: Chunk             |       |     2 |       |     2 ||     4
       Ration            |       |     2 |     3 |     2 ||     7
Armor: Ring mail         |    23 |    27 |    56 |    34 ||   140
       Animal skin       |     1 |       |       |       ||     1
Dodge: Dodged            |    39 |    51 |   134 |    85 ||   309
